 Dungeon Crawl Stone Soup version 0.30-a0-12-gd8047c6341 (webtiles) character file.

Game seed: 3830911576405074245

32 Sobieck the Shooter (level 3, 0/18 HPs)
             Began as a Vine Stalker Hunter on Aug 23, 2022.
             Succumbed to Terence's poison
             ... on level 2 of the Dungeon.
             The game lasted 00:03:12 (1741 turns).

Sobieck the Shooter (Vine Stalker Hunter)           Turns: 1741, Time: 00:03:13

Health: 0/18       AC: 10    Str: 13    XL:     3   Next: 27%
Magic:  5/5        EV: 12    Int:  9    God:
Gold:   81         SH:  0    Dex: 19    Spells: 4/4 levels left

rFire   + . .      SeeInvis .    b - +0 dagger {short}
rCold   + . .      Faith    .    (no shield)
rNeg    . . .      Spirit   +    c - +0 leather armour
rPois   +          Reflect  .    i - +0 helmet
rElec   +          Harm     .    l - +0 cloak
rCorr   +          Rampage  .    k - +0 pair of gloves
Will    .....                    (no boots)
Stlth   ++........               (no amulet)
HPRegen 0.06/turn                s - +4 ring of protection
MPRegen 0.09/turn                (no ring)

@: lethally poisoned (0 -> -13), resistant, hasted, very quick
A: fangs 2, magic shield, antimagic bite, no potion heal 2
a: no special abilities


You were on level 2 of the Dungeon.
You visited 1 branch of the dungeon, and saw 2 of its levels.

You collected 81 gold pieces.


Innate Abilities, Weirdness & Mutations

You have extremely sharp teeth.
When hurt, damage is shared between your health and your magic reserves.
Your bite disrupts and absorbs the magic of your enemies.
Potions cannot restore your health.


   Skills:
 + Level 2.1 Fighting
 + Level 0.6 Short Blades
 + Level 3.8 Ranged Weapons
 - Level 1.5 Dodging
 + Level 2.1 Stealth
 - Level 1.0 Spellcasting


You had 4 spell levels left.
You didn't know any spells.
Your spell library contained the following spells:

 Spells                   Type           Power      Damage    Failure   Level
 Blink                    Tloc           0%         N/A       56%         2
 Manifold Assault         Tloc           0%         N/A       100%        5
 Storm Form               Tmut/Air       0%         N/A       100%        7

Inventory:

Hand Weapons
 a - a +0 shortbow {bow}
 b - a +0 dagger (weapon) {short}
   (You took it off a kobold on level 1 of the Dungeon)
Missiles
 d - 37 stones {throwing}
 g - 2 boomerangs {throwing}
 n - 5 poisoned darts {throwing}
Armour
 c - a +0 leather armour (worn)
 i - a +0 helmet (worn)
   (You found it on level 1 of the Dungeon)
 k - a +0 pair of gloves (worn)
   (You found it on level 1 of the Dungeon)
 l - a +0 cloak (worn)
   (You found it on level 1 of the Dungeon)
Jewellery
 s - a +4 ring of protection (left hand)
   (You found it on level 2 of the Dungeon)
Scrolls
 e - 4 scrolls of identify {unknown}
 h - 2 scrolls of immolation {!r!r}
 j - 2 scrolls of teleportation {unknown}
 m - a scroll of amnesia {unknown}
 p - 2 scrolls of enchant armour {unknown}
Potions
 f - a potion of haste {@q3}
 o - a potion of attraction {unknown}
 r - a potion of degeneration {unknown}
 t - a potion of heal wounds {@q2}

Dungeon Overview and Level Annotations

Branches:
Dungeon (2/15) Zot: 10250

Altars:

Annotations:
D:2 Terence

######..............
#....#..#..#..#
#..............
###.#..#..#..#..#
#................
#.#.#############
#.#......##..
.##.####.###.......#
......@@.# .##.....
###.###......# #...#
#.###### #...####.
#.# #........ #.#
#...# #.# #..<#####
..# #........ #.#
####...#####
##...........


You could see Terence.


Message History

Done exploring.
Done exploring.
(D) Dungeon
Where to? (Enter - D:1 @ (x,y), ? - help)
There is a stone staircase leading down here.
You climb downwards.
There is a stone staircase leading up here.
Unknown command.
Unknown command.
You now have 36 gold pieces (gained 5).
There is a stone staircase leading up here.
Found a stone staircase leading down.
Unknown command.
You now have 41 gold pieces (gained 5).
A bat comes into view.
Danger!
You shoot an arrow. The arrow hits the bat.
You kill the bat!
No target in view!
A rat comes into view.
Danger!
You shoot an arrow. The arrow hits the rat!
You kill the rat!
No target in view!
No target in view!
n - 3 poisoned darts {throwing} Unknown command.
A hobgoblin comes into view.
Danger!
You shoot an arrow. The arrow hits the hobgoblin!
You kill the hobgoblin!
No target in view!
o - a grey potion Unknown command.
d - 31 stones {throwing} (gained 3)
You now have 50 gold pieces (gained 9).
p - a scroll labelled IDGHITW XAPOG You now have 57 gold pieces (gained 7).
q - a murky blue potion Unknown command.
r - a smoky white potion Unknown command.
Found a stone staircase leading up.
Unknown command.
There is a stone staircase leading up here.
s - a +4 ring of protection
s - a +4 ring of protection (left hand)
h - 2 scrolls of immolation {!r!r} (gained 1)
d - 37 stones {throwing} (gained 6)
You now have 67 gold pieces (gained 10).
e - 3 scrolls labelled VOPNUPHUWK (gained 1)
e - 4 scrolls labelled VOPNUPHUWK (gained 1)
t - 2 glowing pink potions
n - 5 poisoned darts {throwing} (gained 2)
Found a stone staircase leading down.
You now have 81 gold pieces (gained 14).
p - 2 scrolls labelled IDGHITW XAPOG (gained 1)
A goblin comes into view. It is wielding a +0 club.
Danger!
You shoot an arrow. The arrow hits the goblin!
You kill the goblin!
No target in view!
Terence the Incautious comes into view.
He is wielding a +2 trident of venom.
Danger!
Unknown command.
You shoot an arrow. The arrow hits Terence!
Terence says, "Did you write a will?
You should..."
You shoot an arrow. The arrow barely misses Terence.
You shoot an arrow. The arrow hits Terence.
Terence hits you but does no damage.
You are poisoned.
b - a +0 dagger (weapon)
{short} You feel sick.
Terence barely misses you.
You feel sick.
Terence hits you with a +2 trident of venom.
You are lethally poisoned!
You hit Terence but do no damage. You bite Terence. You drain his power.
You feel invigorated.
You feel very sick. Terence hits you but does no damage.
You hit Terence but do no damage.
* * * LOW HITPOINT WARNING * * *
You feel very sick. Terence misses you.
You hit Terence. Your bite misses Terence.
* * * LOW HITPOINT WARNING * * *
You feel sick. Terence misses you.
Unknown command.
It was a potion of haste.
You feel yourself speed up.
* * * LOW HITPOINT WARNING * * *
You feel sick. Terence hits you but does no damage.
You are more poisoned.
It was a potion of heal wounds.
That seemed strangely inert.
* * * LOW HITPOINT WARNING * * *
You feel very sick. Terence barely misses you.
Unknown command.
It was a potion of resistance.
You feel protected.
You die...

Skill      XL: |  1  2 |
---------------+-------+-----
Fighting       | 2 |  2.1
Stealth        | 2 |  2.1
Spellcasting   | 1 |  1.0
Short Blades   | |  0.6
Ranged Weapons | |  3.8
Dodging        | |  1.5

Action                   || total
-------------------------++-------
Melee: Dagger            ||    27
       Bite              ||     6
 Fire: Shortbow          ||    42
  Use: Potion            ||     3
Armor: Leather armour    ||    13
Dodge: Dodged            ||    21

Levels and vault maps discovered:
D:1:      dpeg_arrival_arbitrary_a, layout_loops_ring, serial_forest,
          infiniplex_forest_clump_curved, infiniplex_forest_straight_4,
          infiniplex_forest_corner_1, infiniplex_forest_clump_medium,
          infiniplex_forest_lined_1, minivault_5
D:2:      layout_loops_cross, columned_hall_lemuel, chequers_decorated_corner,
          uniq_terence

Notes
Turn   | Place    | Note
-------+----------+-------------------------------------------
     0 | D:1      | Sobieck the Vine Stalker Hunter began the quest for the
                  | Orb.
     0 | D:1      | Reached XP level 1. HP: 11/11 MP: 2/2
   166 | D:1      | Reached skill level 2 in Fighting
   166 | D:1      | Reached XP level 2. HP: 12/15 MP: 3/3
   511 | D:1      | Reached skill level 2 in Stealth
   561 | D:1      | Reached skill level 1 in Spellcasting
   639 | D:1      | Reached XP level 3. HP: 18/18 MP: 3/5
  1007 | D:1      | You add the spells Blink, Manifold Assault and Storm Form
                  | to your library.
  1730 | D:2      | Noticed Terence
  1740 | D:2      | HP: 2/18 [poisoned by Terence]
  1741 | D:2      | Succumbed to Terence's poison

Vanquished Creatures
  A dart slug (D:1)
  2 ball pythons (D:1)
  4 bats
  4 endoplasms (D:1)
  4 goblins
  3 hobgoblins
  3 jackals (D:1)
  2 kobolds (D:1)
  A frilled lizard (D:1)
  2 rats
26 creatures vanquished.

Vanquished Creatures (others)
  2 plants (D:1)
2 creatures vanquished.

Grand Total: 28 creatures vanquished

Table legend:
 A = Non-vault XP
 B = Vault XP
 C = Vault XP percentage of total XP
 D = Non-vault monster count
 E = Vault monster count
 F = Vault count percentage of total count
                 A         B        C        D         E       F
            +---------+---------+-------+---------+---------+-------
      Total |      47 |       0 |   0.0 |      26 |       0 |   0.0
            +---------+---------+-------+---------+---------+-------
        D:1 |      40 |       0 |   0.0 |      22 |       0 |   0.0
        D:2 |       7 |       0 |   0.0 |       4 |       0 |   0.0
            +---------+---------+-------+---------+---------+-------

Illustrated notes

Table legend:
 A = Kills in this place as a percentage of kills in entire the game.
 B = Kills by you in this place as a percentage of kills by you in the entire game.
 C = Kills by friends in this place as a percentage of kills by friends in the entire game.
 D = Other kills in this place as a percentage of other kills in the entire game.
 E = Experience gained in this place as a percentage of experience gained in the entire game.
 F = Experience gained in this place divided by the number of levels of this place that you have seen.
                   A       B       C       D       E      F
               +-------+-------+-------+-------+-------+----------------------
         Total | 100.0 | 100.0 |   N/A |   N/A | 100.0 |  23.5
       Dungeon | 100.0 | 100.0 |   N/A |   N/A | 100.0 |  23.5
               +-------+-------+-------+-------+-------+----------------------

Table legend: (Time is in decaauts)
 A = Elapsed time spent in this place.
 B = Non-inter-level travel time spent in this place.
 C = Inter-level travel time spent in this place.
 D = Time resting spent in this place.
 E = Time spent auto-exploring this place.
 F = Levels seen in this place.
 G = Mean time per level.
                   A        B        C        D        E       F      G
               +--------+--------+--------+--------+--------+-----+--------+
         Total |   1749 |   1703 |     46 |      2 |   1540 |   2 |  874.5 |
       Dungeon |   1749 |   1703 |     46 |      2 |   1540 |   2 |  874.5 |
               +--------+--------+--------+--------+--------+-----+--------+

Top non-repeatable levels by time:
     D:1: 1393 daAuts
     D:2: 355 daAuts
